 Dungeon Crawl Stone Soup version 0.13-b1-9-g87fe349 (webtiles) character file.

96 voldo the Ruffian (level 3, 0/31 HPs)
             Began as a Troll Earth Elementalist on Sept 29, 2013.
             Succumbed to Crazy Yiuf's poison
             ... while paralysed by Crazy Yiuf
             ... on Level 2 of the Dungeon.
             The game lasted 00:03:12 (1304 turns).

voldo the Ruffian (Troll Earth Elementalist)        Turns: 1304, Time: 00:03:12

HP   0/31        AC  5     Str 16      XL: 3   Next: 37%
MP   4/4         EV  1     Int 11      God:
Gold 53          SH  0     Dex 11      Spells:  2 memorised,  1 level left

Res.Fire  : . . .   See Invis. : .     - Unarmed
Res.Cold  : . . .   Warding    : .   c - +0 robe
Life Prot.: . . .   Conserve   : .   (shield restricted)
Res.Poison: .       Res.Corr.  : .   (helmet restricted)
Res.Elec. : .       Clarity    : .   (no cloak)
Sust.Abil.: . .     Spirit.Shd : .   (gloves unavailable)
Res.Mut.  : .       Stasis     : .   (boots unavailable)
Res.Rott. : .       Flight     : .   (no amulet)
Gourmand  : +                        (no ring)
                                     (no ring)

@: paralysed, mildly poisoned, not resistant to hostile enchantments, unstealthy
A: unfitting armour, claws 3, fast metabolism 3, gourmand, regeneration 2,
saprovore 2, tough skin 2, AC +1
a: no special abilities


You were on level 2 of the Dungeon.
You were not hungry.

You visited 1 branch of the dungeon, and saw 2 of its levels.

You collected 33 gold pieces.

Inventory:

Hand weapons
 g - a +1,+2 dagger of venom
Missiles
 b - 41 stones (quivered)
Armour
 c - a +0 robe (worn)
Comestibles
 a - 2 meat rations
 j - an apple
Scrolls
 f - a scroll of curse armour {unknown}
 i - a scroll of curse jewellery {unknown}
 l - 3 scrolls of magic mapping {unknown}
 m - a scroll of fog {unknown}
 n - 2 scrolls of recharging {unknown}
 o - a scroll of remove curse {unknown}
 q - a scroll of enchant armour {unknown}
Potions
 e - a potion of porridge {unknown}
 h - 3 potions of curing {unknown}
 k - a potion of heal wounds {unknown}
 p - a potion of slowing {unknown}
Books
 d - a book of Geomancy

   Spells                             Type                      Level
   *Sandblast                         Earth                        1
   *Stoneskin                         Transmutation/Earth          2
   Passwall                           Transmutation/Earth          3
   Stone Arrow                        Conjuration/Earth            3
   Petrify                            Transmutation/Earth          4
   Lee's Rapid Deconstruction         Earth                        5


   Skills:
 - Level 1.5 Dodging
 - Level 1.1 Stealth
 + Level 3.1 Unarmed Combat
 - Level 1.0 Spellcasting
 - Level 0.6 Transmutations
 - Level 2.6 Earth Magic


You had one spell level left.
You knew the following spells:

 Your Spells              Type           Power        Failure   Level  Hunger
a - Sandblast             Erth           #.....       14%         1    ##.....
b - Stoneskin             Trmt/Erth      #.........   30%         2    ###....


Dungeon Overview and Level Annotations

Branches:
Dungeon (2/27)

Altars:

Annotations:
D:2 Crazy Yiuf


Innate Abilities, Weirdness & Mutations

You are too large for most types of armour.
You have claws for hands.
Your metabolism is lightning-fast.
You like to eat raw meat.
You heal very quickly.
You can eat rotten meat.
You are covered in fur (AC +1).
You have very tough skin (AC +2).


Message History

No target in view!
No target in view!
Found a hammer.
No target in view!
Crazy Yiuf comes into view.
He is wielding a quarterstaff of chaos.
Crazy Yiuf shouts!
Crazy Yiuf moves out of view.
Crazy Yiuf is too close now for your liking.
Crazy Yiuf hits you with a quarterstaff of chaos.
You suddenly lose the ability to move!
Crazy Yiuf yells, "Ice!
Two koolooloo sallow."
Crazy Yiuf hits you with a quarterstaff of chaos!
Crazy Yiuf hits you with a quarterstaff of chaos!
Crazy Yiuf hits you with a quarterstaff of chaos.
* * * LOW HITPOINT WARNING * * *
You resist.
Crazy Yiuf hits you with a quarterstaff of chaos!
* * * LOW HITPOINT WARNING * * *
You are poisoned.
You die...

######## ####
###.#....##
#..g##..#......##
#...@.####......#
#)..### ##.....#
#### ####..# #.##
#.# ############
#######.#
.........#'#
#...<...#
.........#.#
#.#######
...........###.#


You could see Crazy Yiuf.

Vanquished Creatures
  An adder (D:2)
  2 giant geckos
  2 giant cockroaches (D:1)
  5 goblins
  5 hobgoblins
  4 jackals (D:1)
  5 kobolds
  3 bats (D:2)
  2 giant newts
  2 rats
31 creatures vanquished.

Notes
Turn   | Place    | Note
--------------------------------------------------------------
     0 | D:1      | voldo, the Troll Earth Elementalist, began the quest for the Orb.
     0 | D:1      | Reached XP level 1. HP: 16/16 MP: 3/3
    81 | D:1      | Reached skill level 1 in Unarmed Combat
   301 | D:1      | Reached XP level 2. HP: 24/24 MP: 3/3
   472 | D:1      | Learned a level 2 spell: Stoneskin
  1024 | D:2      | Reached XP level 3. HP: 21/31 MP: 4/4
  1159 | D:2      | Reached skill level 3 in Unarmed Combat
  1296 | D:2      | Noticed Crazy Yiuf
  1299 | D:2      | Paralysed by Crazy Yiuf for 6 turns
  1303 | D:2      | HP: 1/31 [Crazy Yiuf/quarterstaff of chaos (9)]
  1304 | D:2      | Succumbed to Crazy Yiuf's poison

Action                   || total
-------------------------++-------
Melee: Unarmed           ||   100
 Cast: Stoneskin         ||     1
